 Dungeon Crawl Stone Soup version 0.28-a0-653-g7e9dba17c3 (webtiles) character file.

Game seed: 5663956952551500159

174 ytrimaz the Cudgeller (level 5, -3/34 HPs)
             Began as a Gargoyle Berserker on Oct 11, 2021.
             Was a Believer of Trog.
             Slain by Terence (6 damage)
             ... on level 3 of the Dungeon.
             The game lasted 00:05:04 (3527 turns).

ytrimaz the Cudgeller (Gargoyle Berserker)          Turns: 3527, Time: 00:05:05

Health: -3/34      AC:  6    Str: 22    XL:     5   Next: 54%
Magic:  5/5        EV:  9    Int:  7    God:    Trog [**....]
Gold:   88         SH:  7    Dex:  9    Spells: 4/4 levels left

rFire   . . .      SeeInvis .   a - +0 mace
rCold   . . .      Faith    .   e - +0 kite shield
rNeg    + . .      Spirit   .   b - +0 animal skin
rPois   ∞          Reflect  .   (no helmet)
rElec   +          Harm     .   (no cloak)
rCorr   +          Rampage  .   (no gloves)
Will    .....                   (no boots)
Stlth   +.........              (no amulet)
HPRegen 0.11/turn               g - ring of resist corrosion
MPRegen 0.09/turn               (no ring)

@: on berserk cooldown, slowed, very slow
A: sickness immunity, AC +4, negative energy resistance 1, electricity
resistance, torment resistance 1, petrification resistance
a: Renounce Religion, Berserk, Trog's Hand


You were on level 3 of the Dungeon.
You worshipped Trog.
Trog was pleased with you.
You visited 1 branch of the dungeon, and saw 3 of its levels.

You collected 137 gold pieces.
You spent 49 gold pieces at shops.

Inventory:

Hand Weapons
 a - a +0 mace (weapon)
Armour
 b - a +0 animal skin (worn)
 e - a +0 kite shield (worn)
Jewellery
 g - a ring of resist corrosion (left hand)
Wands
 h - a wand of polymorph (1)
Scrolls
 d - a scroll of noise {unknown}
 f - a scroll of acquirement {unknown}
Potions
 c - a potion of brilliance {unknown}
 i - a potion of curing {unknown}


   Skills:
 + Level 4.4 Fighting
 + Level 4.5 Maces & Flails
 * Level 3.2 Armour
 - Level 1.5 Dodging
 * Level 1.5 Shields


You had 4 spell levels left.
You didn't know any spells.
Your spell library was empty.

Dungeon Overview and Level Annotations

Branches:
Dungeon (3/15)

Altars:
Nemelex Xobeh

Shops:
D:2 ?[

Annotations:
D:3 Terence


Innate Abilities, Weirdness & Mutations

You are immune to sickness and miasma.
Your stone body is resilient. (AC +4)
You are immune to poison.
You resist negative energy. (rN+)
You are resistant to electric shocks. (rElec)
You are resistant to unholy torment.
You are immune to petrification.


Message History

Terence hits you but does no damage. The worm barely misses you.
The hobgoblin hits you but does no damage.
The goblin barely misses you.
You hit the worm.
The worm is moderately wounded.
Terence hits you with a +0 hand axe.
The hobgoblin hits you but does no damage.
The goblin hits you with a +0 club.
* * * LOW HITPOINT WARNING * * *
Unknown command.
You sock the goblin!
You kill the goblin!
Trog accepts your kill. Terence hits you with a +0 hand axe.
* * * LOW HITPOINT WARNING * * *
The worm bites you.
* * * LOW HITPOINT WARNING * * *
The hobgoblin closely misses you.
You barely miss Terence.
Terence is heavily wounded.
Terence hits you with a +0 hand axe.
* * * LOW HITPOINT WARNING * * *
The frilled lizard bites you but does no damage.
The hobgoblin hits you.
* * * LOW HITPOINT WARNING * * *
The worm bites you but does no damage.
You feel a strong urge to attack something.
You feel your anger nearly subside.
You are no longer berserk.
You are exhausted.
You feel yourself slow down.
Terence bares his teeth.
Terence hits you but does no damage.
Terence says, "Time to say good-bye..."
You block Terence's attack. Terence barely misses you.
There is a stone staircase leading up here.
Terence hits you with a +0 hand axe.
* * * LOW HITPOINT WARNING * * *
The hobgoblin barely misses you. Terence hits you with a +0 hand axe.
You die...

#...# ####.###
#...####### #.# #
#.........#####.###
.#####..†#####.....÷..##
................#.....##
.......w........#.......
#..............#######.#
######g@l#####.# #.#
#.@.......# #.#
#...####### #.# #...#
#.# .....# #########.#
#.##.## #.......... #.
... #.###..##.# # ...
#..##.# .#. #..##.. .#
#. #..####


You could see Terence, a worm, a hobgoblin and a frilled lizard.

Vanquished Creatures
  Natasha (thrice) (D:2)
  2 adders (D:2)
  2 worms (D:2)
  3 dart slugs
  An orc (D:3)
  3 bats
  4 endoplasms (D:2)
  4 giant cockroaches
  9 hobgoblins
  6 jackals (D:1)
  6 kobolds
  2 quokkas (D:1)
  6 ball pythons
  3 frilled lizards (D:1)
  9 goblins
  2 rats (D:1)
65 creatures vanquished.

Notes
Turn   | Place    | Note
-------+----------+-------------------------------------------
     0 | D:1      | ytrimaz the Gargoyle Berserker began the quest for the Orb.
     0 | D:1      | Reached XP level 1. HP: 14/14 MP: 1/1
   130 | D:1      | Reached XP level 2. HP: 5/19 MP: 2/2
   783 | D:1      | Reached XP level 3. HP: 24/24 MP: 3/3
  1131 | D:1      | Reached ** piety under Trog
  1184 | D:1      | Found a faded altar of an unknown god.
  1312 | D:2      | Found Gemal's Armour Shop.
  1317 | D:2      | Bought a +0 kite shield for 49 gold pieces
  1516 | D:2      | Found Nagime's Magic Scroll Shop.
  1661 | D:2      | Reached XP level 4. HP: 20/29 MP: 4/4
  2094 | D:2      | Noticed Natasha
  2101 | D:2      | Killed Natasha
  2102 | D:2      | Reached skill level 1 in Shields
  2466 | D:2      | Noticed Natasha
  2473 | D:2      | Killed Natasha
  2474 | D:2      | Reached XP level 5. HP: 34/34 MP: 5/5
  2583 | D:2      | Noticed Natasha
  2843 | D:2      | Killed Natasha
  3409 | D:3      | Found a sparkling altar of Nemelex Xobeh.
  3500 | D:3      | Noticed Terence
  3527 | D:3      | Slain by Terence

Illustrated notes

Levels and vault maps discovered:
D:1:      dpeg_arrival_round_b, layout_rooms,
          hellmonk_ecumenical_altar_prayer_group
D:2:      layout_basic, serial_shops, nicolae_shop_behind_doors, shop,
          uniq_natasha
D:3:      layout_loops_cross, amcnicky_altar_gilded, st_stairs_14,
          mrwooster_statue_mirror, uniq_sigmund, uniq_crazy_yiuf_cottage,
          uniq_jessica, uniq_terence

Skill      XL: |  1  2  3  4 |
---------------+-------------+-----
Fighting       | 4 |  4.4
Maces & Flails | 4 |  4.5
Armour         | 3 |  3.2
Shields        | 1 |  1.5
Dodging        | |  1.5

Action                   |  1- 3 |  4- 6 || total
-------------------------+-------+-------++-------
Melee: Mace              |   139 |    88 ||   227
       Unarmed           |       |    13 ||    13
Invok: Berserk           |     7 |     4 ||    11
  Use: Scroll            |       |     1 ||     1
Armor: Animal skin       |    60 |    33 ||    93
       Skin              |       |     1 ||     1
Dodge: Dodged            |    93 |    47 ||   140
Block: Kite shield       |     7 |    31 ||    38

Table legend: (Time is in decaauts)
 A = Elapsed time spent in this place.
 B = Non-inter-level travel time spent in this place.
 C = Inter-level travel time spent in this place.
 D = Time resting spent in this place.
 E = Time spent auto-exploring this place.
 F = Levels seen in this place.
 G = Mean time per level.
                   A        B        C        D        E       F      G
               +--------+--------+--------+--------+--------+-----+--------+
         Total |   3721 |   3687 |     34 |   1250 |   1708 |   3 | 1240.3 |
       Dungeon |   3721 |   3687 |     34 |   1250 |   1708 |   3 | 1240.3 |
               +--------+--------+--------+--------+--------+-----+--------+

Top non-repeatable levels by time:
     D:2: 1875 daAuts
     D:1: 1349 daAuts
     D:3: 496 daAuts
